 Dungeon Crawl Stone Soup version 0.17-a0-848-g7e5c6af (webtiles) character file.

1697 Isvaffel the Tainter (level 9, -2/57 HPs)
             Began as a Merfolk Venom Mage on Apr 27, 2015.
             Was a Follower of Vehumet.
             Slain by an orc warrior
             ... wielding a +0 war axe
              (14 damage)
             ... in a bailey.
             The game lasted 00:52:17 (9370 turns).

Isvaffel the Tainter (Merfolk Venom Mage)           Turns: 9370, Time: 00:52:17

Health: -2/57      AC:  5    Str:  8    XL:     9   Next: 3%
Magic:  13/14      EV: 13    Int: 17    God:    Vehumet [*.....]
Gold:   323        SH:  0    Dex: 15    Spells: 5 memorised, 3 levels left

rFire  . . .     SeeInvis .     b - +0 blowgun
rCold  . . .     Clarity  .     n - +0 robe
rNeg   + . .     SustAb   .     (no shield)
rPois  +         Gourm    .     o - +0 helmet
rElec  .         Spirit   .     (no cloak)
rCorr  .         Warding  .     (no gloves)
rMut   .         Stasis   .     h - +1 pair of boots
MR     .....                    (no amulet)
Stlth  +.........               y - ring of poison resistance
                                v - ring of positive energy

@: confused, not resistant to hostile enchantments, very unstealthy
A: change form in water, swift swim, claws 1, low mp 1
a: Renounce Religion


You were in a bailey.
You worshipped Vehumet.
Vehumet was aware of your devotion.
You were hungry.

You visited 2 branches of the dungeon, and saw 8 of its levels.
You also visited: Bailey.

You collected 323 gold pieces.

Inventory:

Hand weapons
 a - a +0 trident
 b - a +0 blowgun (weapon)
 p - the +3 hand axe "Ahotawi" {drain, Noisy rF+ rC+}
   (You found it on level 7 of the Dungeon)

   A truly terrible weapon, it drains the life of those it strikes.
   It protects you from fire.
   It protects you from cold.
   It may make noises in combat.
Missiles
 r - 14 poisoned needles (quivered)
 x - 4 tomahawks
Armour
 h - a +1 pair of boots (worn)
 n - a +0 robe (worn)
 o - a +0 helmet (worn)
Jewellery
 e - an uncursed ring of flight
 f - an uncursed ring of ice
 j - an uncursed ring of protection from fire
 v - a ring of positive energy (left claw)
 y - a ring of poison resistance (right claw)
Magical devices
 m - a wand of slowing (30)
 t - a wand of flame (26)
 A - a wand of lightning (6)
Scrolls
 d - 4 scrolls of remove curse
 w - a scroll of magic mapping
 z - a scroll of recharging
Potions
 i - a potion of restore abilities
Books
 q - a Young Poisoner's Handbook

   Spells                             Type                      Level
   a - Sting                          Conjuration/Poison           1
   b - Cure Poison                    Poison                       2
   c - Mephitic Cloud                 Conjuration/Poison/Air       3
   d - Olgreb's Toxic Radiance        Poison                       4
   e - Venom Bolt                     Conjuration/Poison           5
 C - a book of Party Tricks

   Spells                             Type                      Level
   a - Summon Butterflies             Summoning                    1
   b - Apportation                    Translocation                1
   c - Tukima's Dance                 Hexes                        3
   d - Alistair's Intoxication        Transmutation/Poison         4
   e - Invisibility                   Hexes                        6
Comestibles
 c - a bread ration
 g - 4 meat rations
 k - a slice of pizza
 l - 4 fruits


   Skills:
 - Level 4.3 Polearms
 - Level 2.8 Dodging
 - Level 2.1 Stealth
 - Level 5.0 Spellcasting
 + Level 4.1 Conjurations
 - Level 2.0 Air Magic
 - Level 9.1 Poison Magic


You had 3 spell levels left.
You knew the following spells:

 Your Spells              Type           Power        Failure   Level  Hunger
a - Sting                 Conj/Pois      ####         1%          1    None
b - Mephitic Cloud        Conj/Pois/Air  ###.....     8%          3    ###....
c - Cure Poison           Pois           #####.....   1%          2    #......
d - Olgreb's Toxic Radia  Pois           #####...     4%          4    ####...
e - Venom Bolt            Conj/Pois      ####......   30%         5    ######.


Dungeon Overview and Level Annotations

Branches:
Dungeon (7/15)             Temple (1/1) D:6

Altars:
Dithmenos
Elyvilon
Fedhas
Gozag
Kikubaaqudgha
Nemelex Xobeh
Okawaru
Ru
Sif Muna
Trog
Vehumet
Zin
The Shining One


Innate Abilities, Weirdness & Mutations

You revert to your normal form in water.
You are very nimble and swift while swimming.
You have sharp fingernails.
Your magical capacity is low (-10% MP).


Message History

Drink which item? (? for menu, Esc to quit)
You feel much better.
The orc warrior hits you with a war axe!!
Firing (i - inventory. (,) - cycle):
s - 2 curare-tipped needles (quivered)
Press: ? - help, Shift-Dir - straight line, f/p - orc warrior
Aim: an orc warrior, wielding a war axe and wearing a ring mail (almost dead)
You shoot a curare-tipped needle.
The curare-tipped needle barely misses the orc warrior.
The orc warrior hits you with a war axe!!
* * * LOW HITPOINT WARNING * * *
Drink which item? (? for menu, Esc to quit)
You are confused.
You feel invigorated.
Firing (i - inventory. (,) - cycle):
s - a curare-tipped needle (quivered)
Press: ? - help, Shift-Dir - straight line, f/p - orc warrior
Aim: an orc warrior, wielding a war axe and wearing a ring mail (almost dead)
You shoot a curare-tipped needle.
You are feeling hungry.
The orc warrior hits you with a war axe!
You die...

♣♣♣♣♣♣
♣♣♣.♣♣.♣♣♣♣
♣.........♣♣
♣..........♣
♣....∩.....♣
♣...)@....♣♣
♣....o.....♣
♣...).....♣♣
♣♣...)....♣
♣##)''##♣♣
##..).)##
#.......#
##..))...##
#...)(....#


You could see an orc warrior.

Vanquished Creatures
  Duvessa (D:4)
  5 orc warriors
  An ice beast (D:6)
  2 ogres
  Dowan (D:4)
  An electric eel (D:7)
  A giant frog zombie (D:6)
  A crimson imp (D:7)
  An orc priest (D:6)
  A jelly (D:3)
  A centaur skeleton (D:4)
  Ijyb (D:4)
  5 orc wizards
  3 hounds
  Terence (D:2)
  An iguana (D:6)
  3 worker ants
  A worker ant zombie (D:5)
  6 gnolls (Bailey)
  4 adders
  An adder zombie (D:5)
  2 worms
  6 giant geckos
  18 orcs
  14 bats
  3 giant cockroaches
  25 goblins
  17 hobgoblins
  9 jackals
  5 kobolds
  4 quokkas
  2 ball pythons (D:1)
  A giant gecko skeleton (D:4)
  11 giant newts
  A jackal skeleton (D:5)
  17 rats
177 creatures vanquished.

Notes
Turn   | Place    | Note
--------------------------------------------------------------
     0 | D:1      | Isvaffel, the Merfolk Venom Mage, began the quest for the Orb.
     0 | D:1      | Reached XP level 1. HP: 13/13 MP: 3/3
   383 | D:1      | Reached XP level 2. HP: 19/19 MP: 1/5
   617 | D:1      | Reached skill level 5 in Poison Magic
  1070 | D:1      | Reached skill level 1 in Conjurations
  1080 | D:1      | Reached XP level 3. HP: 13/24 MP: 1/6
  1148 | D:1      | Learned a level 3 spell: Mephitic Cloud
  1906 | D:2      | Learned a level 2 spell: Cure Poison
  1973 | D:2      | Noticed Terence
  1985 | D:2      | Killed Terence
  1985 | D:2      | Reached XP level 4. HP: 25/30 MP: 3/8
  2587 | D:3      | Reached skill level 1 in Air Magic
  2644 | D:3      | Reached XP level 5. HP: 24/35 MP: 9/9
  2657 | D:3      | Learned a level 4 spell: Olgreb's Toxic Radiance
  3606 | D:3      | Noticed an ogre
  3614 | D:3      | Killed an ogre
  3703 | D:3      | Reached XP level 6. HP: 31/41 MP: 5/10
  4024 | D:4      | Found a shadowy altar of Dithmenos.
  4044 | D:4      | Noticed Dowan
  4047 | D:4      | Noticed Duvessa
  4074 | D:4      | Killed Duvessa
  4181 | D:4      | Killed Dowan
  4181 | D:4      | Reached skill level 6 in Poison Magic
  4258 | D:4      | Reached skill level 1 in Polearms
  4258 | D:4      | Reached XP level 7. HP: 32/46 MP: 9/11
  4533 | D:4      | Noticed Ijyb
  4567 | D:4      | Killed Ijyb
  5186 | D:5      | Entered Level 5 of the Dungeon
  5516 | D:4      | Reached skill level 7 in Poison Magic
  5931 | D:5      | Gained mutation: You have sharp fingernails. [potion of mutation]
  5931 | D:5      | Gained mutation: Your magical capacity is low (-10% MP). [potion of mutation]
  6814 | D:6      | Reached XP level 8. HP: 24/52 MP: 0/12
  7091 | D:6      | Reached skill level 5 in Spellcasting
  7156 | D:6      | Learned a level 5 spell: Venom Bolt
  7158 | D:6      | Found a staircase to the Ecumenical Temple.
  7199 | Temple   | Entered the Ecumenical Temple
  7729 | Temple   | Became a worshipper of Vehumet
  8382 | D:7      | Found a flagged portal.
  8401 | D:7      | Got a dazzling hand axe
  8402 | D:7      | Identified the +3 hand axe "Ahotawi" {drain, Noisy rF+ rC+} (You found it on level 7 of the Dungeon)
  8496 | Bailey   | Entered a bailey
  8704 | Bailey   | Acquired Vehumet's first power
  8704 | Bailey   | Offered knowledge of Freeze by Vehumet.
  8990 | Bailey   | Reached skill level 8 in Poison Magic
  9333 | Bailey   | Reached skill level 9 in Poison Magic
  9333 | Bailey   | Reached XP level 9. HP: 49/57 MP: 1/14
  9365 | Bailey   | HP: 1/57 [orc warrior/war axe (10)]
  9370 | Bailey   | Slain by an orc warrior

Action                   |  1- 3 |  4- 6 |  7- 9 || total
-------------------------+-------+-------+-------++-------
Melee: Dagger            |    25 |       |       ||    25
       Unarmed           |     9 |    72 |       ||    81
       Trident           |       |    21 |   256 ||   277
 Fire: Blowgun           |       |     7 |    13 ||    20
 Cast: Sting             |    61 |    57 |   103 ||   221
       Mephitic Cloud    |       |     5 |    11 ||    16
       Cure Poison       |       |     3 |     8 ||    11
       Olgreb's Toxic Ra |       |     1 |    17 ||    18
Evoke: Wand              |       |       |     2 ||     2
  Use: Scroll            |     7 |     1 |     9 ||    17
       Potion            |     3 |     3 |     6 ||    12
 Stab: Sleeping          |       |     1 |     4 ||     5
       Distracted        |       |     1 |       ||     1
       Confused          |       |       |    11 ||    11
  Eat: Chunk             |     4 |     8 |    12 ||    24
       Bread ration      |       |       |     2 ||     2
